 Dungeon Crawl Stone Soup version 0.23.2-40-g277498a001 (webtiles) character file.

Game seed: 7374220383844351062

9644 Felnil the Warrior (level 11, -11/107 HPs)
             Began as a Mummy Fighter on Aug 12, 2019.
             Was a Plaything of Xom.
             Mangled by an ogre
             ... wielding a +1 giant club of chaos
              (18 damage)
             ... on level 9 of the Dungeon.
             The game lasted 00:28:46 (10797 turns).

Felnil the Warrior (Mummy Fighter)                 Turns: 10797, Time: 00:28:46

Health: -11/107    AC:  9    Str: 22    XL:     11   Next: 25%
Magic:  0/11       EV:  7    Int:  8    God:    Xom [......]
Gold:   466        SH:  9    Dex: 12    Spells: 10/10 levels left

rFire    x . .     SeeInvis +   n - +1 rapier (venom)
rCold    + . .     Gourm    .   c - +0 shield
rNeg     + + +     Faith    .   b - +0 scale mail
rPois    ∞         Spirit   .   d - +0 helmet {SInv}
rElec    .         Reflect  .   p - +1 cloak
rCorr    +         Harm     .   (no gloves)
MR       +....                  (no boots)
Stlth    ..........             (no amulet)
HPRegen  0.27/turn              (no ring)
MPRegen  0.12/turn              r - ring of resist corrosion

@: no status effects
A: no food or potions, fire vulnerability, cold resistance 1, negative energy
resistance 3, torment resistance, unbreathing
a: Renounce Religion


You were on level 9 of the Dungeon.
You worshipped Xom.
You were a very special plaything of Xom.
You were not hungry.

You visited 2 branches of the dungeon, and saw 10 of its levels.

You collected 466 gold pieces.

Inventory:

Hand Weapons
 a - a +0 rapier
 n - a +1 rapier of venom (weapon)
Missiles
 i - 24 tomahawks (quivered)
 w - 3 silver tomahawks
Armour
 b - a +0 scale mail (worn)
 c - a +0 shield (worn)
 d - a +0 helmet of see invisible (worn)
 p - a +1 cloak (worn)
Jewellery
 f - an uncursed ring of see invisible
 g - an uncursed ring of see invisible
 r - a ring of resist corrosion (right hand)
Wands
 m - a wand of digging (12)
 q - a wand of acid (2)
 s - a wand of iceblast (5)
 v - a wand of flame (15)
Scrolls
 e - 2 scrolls of magic mapping
 h - 2 scrolls of teleportation
 j - a scroll of remove curse
 k - a scroll of enchant weapon
 l - 2 scrolls of amnesia
 o - 2 scrolls of fog
 t - 3 scrolls of identify
 u - 4 scrolls of fear


   Skills:
 + Level 17.1 Fighting
 - Level 1.5 Short Blades
 - Level 2.4 Armour
 - Level 2.4 Shields


You had 10 spell levels left.
You didn't know any spells.
Your spell library contained the following spells:

 Spells                   Type           Power        Failure   Level  Hunger
 Magic Dart               Conj           #...         99%         1    N/A
 Sandblast                Erth           #.....       99%         1    N/A
 Passwall                 Tmut/Erth      #.......     100%        2    N/A
 Searing Ray              Conj           #.....       100%        2    N/A
 Dazzling Spray           Conj/Hex       #.....       100%        3    N/A
 Stone Arrow              Conj/Erth      #.....       100%        3    N/A
 Force Lance              Conj/Tloc      #.......     100%        4    N/A
 Fulminant Prism          Conj/Hex       #.........   100%        4    N/A
 Iskenderun's Mystic Bla  Conj           #.......     100%        4    N/A
 Petrify                  Tmut/Erth      #.......     100%        4    N/A
 Lee's Rapid Deconstruct  Erth           #.........   100%        5    N/A

Dungeon Overview and Level Annotations

Branches:
Dungeon (9/15)             Temple (1/1) D:7
   Lair: D:8-11         Orc: D:9-12

Altars:
Ashenzari
Cheibriados
Dithmenos
Elyvilon
Fedhas
Gozag
Hepliaklqana
Kikubaaqudgha
Makhleb
Nemelex Xobeh
Okawaru
Qazlal
Ru
Sif Muna
Trog
Uskayaw
Vehumet
Wu Jian
Xom
Yredelemnul
Zin
The Shining One

Shops:
D:4 *=   D:6 ?


Innate Abilities, Weirdness & Mutations

You do not eat or drink.
Your flesh is vulnerable to fire.
You are immune to poison.
Your flesh is cold resistant. (rC+)
You are immune to negative energy. (rN+++)
You are immune to unholy pain and torment.
You can survive without breathing.


Message History

You block the killer bee's attack. x2
You miss the killer bee.
The killer bee is almost dead.
You kill the killer bee!
You hit the ogre.
The ogre is poisoned.
The ogre is heavily wounded.
You block the ogre's attack.
You puncture the ogre!
The ogre looks as sick as possible!
The ogre is severely wounded.
You block the ogre's attack.
You completely miss the ogre.
The ogre is severely wounded.
The ogre hits you with a +1 giant club of chaos!!
* * * LOW HITPOINT WARNING * * *
You feel your power leaking away.
You hit the ogre.
The ogre looks as sick as possible!
The ogre is almost dead.
The ogre hits you with a +1 giant club of chaos!!
You die...
Xom giggles madly!

......# .P...PP###
## ...P.P...## .#
..P.P.P..P# .#
P...PP..## .# ....
.P...P..# .# .PP..
#...P.# .# .....
#P..P.###.# ....P
#.....KO@.#
.PPPP####..P..#####
..P.P....P....#
#..P.P...PP..##
#.P.......P..#
##.PP.PP.P..##
###......### #
##..#### # #.##


You could see a big kobold and an ogre.

Vanquished Creatures
  An unseen horror (D:7)
  Pikel (D:4)
  A troll (D:9)
  Prince Ribbit (D:7)
  Sigmund (D:3)
  Eustachio (D:6)
  A yak (D:7)
  A spriggan (D:7)
  A hungry ghost (D:7)
  Edmund (D:6)
  A porcupine (D:9)
  2 black bears (D:8)
  2 sky beasts
  An orc warrior (D:9)
  2 ice beasts (D:8)
  A phantom (D:8)
  3 ogres
  2 centaurs (D:6)
  A big kobold (D:9)
  3 bullfrogs
  3 scorpions
  2 water moccasin skeletons
  10 killer bees
  4 wights (D:7)
  2 howler monkeys
  3 crimson imps
  A centaur zombie (D:6)
  A bullfrog zombie (D:5)
  4 hounds
  A jelly (D:6)
  2 orc priests (D:9)
  Jessica (D:2)
  2 centaur skeletons (D:7)
  An iguana (D:5)
  5 orc wizards
  5 worker ants
  Terence (D:2)
  3 hound skeletons
  A howler monkey zombie (D:7)
  A worker ant zombie (D:9)
  A gnoll (D:2)
  6 adders
  A howler monkey skeleton (D:3)
  A shadow imp (D:8)
  An adder zombie (D:6)
  An adder skeleton (D:9)
  3 worms
  2 dart slugs
  5 leopard geckos
  14 orcs
  5 bats
  5 giant cockroaches
  7 goblins
  5 hobgoblins
  14 jackals
  6 quokkas
  A ball python (D:2)
  A frilled lizard (D:1)
  10 kobolds
  A leopard gecko skeleton (D:6)
  A leopard gecko zombie (D:7)
  A quokka skeleton (D:9)
  A quokka zombie (D:9)
  4 rats
178 creatures vanquished.

Vanquished Creatures (others)
  A howler monkey (D:6)
  2 orc priests (D:4)
  A centaur skeleton (D:4)
  A worker ant (D:6)
  2 orcs (D:4)
  A quokka (D:4)
  2 fungi (D:9)
10 creatures vanquished.

Grand Total: 188 creatures vanquished

Notes
Turn   | Place    | Note
-------+----------+-------------------------------------------
     0 | D:1      | Felnil the Mummy Fighter began the quest for the Orb.
     0 | D:1      | Reached XP level 1. HP: 18/18 MP: 1/1
   274 | D:1      | Reached XP level 2. HP: 20/24 MP: 2/2
   773 | D:2      | Noticed Jessica
   781 | D:2      | Killed Jessica
   781 | D:2      | Reached skill level 4 in Fighting
   781 | D:2      | Reached XP level 3. HP: 22/31 MP: 3/3
  1023 | D:2      | Reached XP level 4. HP: 27/38 MP: 4/4
  1227 | D:2      | Reached skill level 5 in Fighting
  1243 | D:2      | Noticed Terence
  1254 | D:2      | Killed Terence
  1728 | D:3      | Noticed a sky beast
  1745 | D:3      | Killed a sky beast
  1745 | D:3      | Reached skill level 6 in Fighting
  1745 | D:3      | Reached XP level 5. HP: 30/47 MP: 5/5
  2131 | D:3      | Noticed Sigmund
  2157 | D:3      | Killed Sigmund
  2157 | D:3      | Reached skill level 7 in Fighting
  2157 | D:3      | Reached XP level 6. HP: 16/55 MP: 6/6
  2779 | D:4      | Noticed Pikel
  2779 | D:4      | Noticed a slave
  2779 | D:4      | Noticed a slave
  2782 | D:4      | Noticed a slave
  2782 | D:4      | Noticed a slave
  2784 | D:4      | Found an opulent altar of Gozag.
  2804 | D:4      | Reached skill level 8 in Fighting
  2808 | D:4      | Reached XP level 7. HP: 50/62 MP: 7/7
  2833 | D:4      | Found Gozag's Platinum Reserve.
  2918 | D:4      | Found Kawu's Jewellery Shop.
  2989 | D:4      | Killed Pikel
  2989 | D:4      | Reached skill level 9 in Fighting
  3343 | D:4      | Found an iron altar of Okawaru.
  3478 | D:4      | Reached XP level 8. HP: 72/72 MP: 8/8
  3609 | D:5      | Entered Level 5 of the Dungeon
  3629 | D:5      | Found a blossoming altar of Fedhas.
  3677 | D:5      | Reached skill level 10 in Fighting
  4194 | D:6      | Noticed Edmund
  4209 | D:6      | Killed Edmund
  4729 | D:6      | Found Burummah's Magic Scroll Shop.
  4745 | D:6      | Noticed Eustachio
  4774 | D:6      | HP: 3/74 [bullfrog (3)]
  4775 | D:6      | Reached skill level 11 in Fighting
  5585 | D:6      | Killed Eustachio
  5975 | D:6      | Reached XP level 9. HP: 73/82 MP: 9/9
  5995 | D:6      | Reached skill level 12 in Fighting
  6381 | D:7      | Noticed an unseen horror
  6795 | D:7      | Killed an unseen horror
  6795 | D:7      | Reached skill level 13 in Fighting
  7399 | D:7      | Found a staircase to the Ecumenical Temple.
  7518 | D:7      | Noticed Prince Ribbit
  7577 | D:7      | Killed Prince Ribbit
  7577 | D:7      | Reached skill level 14 in Fighting
  7905 | Temple   | Entered the Ecumenical Temple
  7947 | Temple   | Became a worshipper of Xom of Chaos
  8228 | D:7      | XOM: divination: magic mapping
  8234 | D:7      | You fall through a shaft!
  8266 | D:8      | Reached XP level 10. HP: 69/94 MP: 10/10
  8401 | D:8      | XOM: potion effect (experience)
  8401 | D:8      | Reached skill level 16 in Fighting
  8401 | D:8      | Reached XP level 11. HP: 72/106 MP: 11/11
  8404 | D:8      | XOM: potion effect (agility)
  8566 | D:8      | XOM: divination: magic mapping
  8760 | D:8      | XOM: summons 5 hostile demons
  8780 | D:8      | XOM: noise
  8876 | D:8      | XOM: god gift: 10 stones
  9264 | D:8      | XOM: god gift: 3 silver tomahawks
  9299 | D:8      | XOM is BORED!
  9299 | D:8      | XOM: medium Air miscast
  9589 | D:8      | XOM: scenery: create altars
  9701 | D:8      | XOM: scenery: create altars
  9825 | D:9      | Reached skill level 17 in Fighting
 10073 | D:9      | XOM: harmless Tloc miscast
 10330 | D:9      | XOM: mild Air miscast
 10349 | D:9      | XOM: summons 1 hostile demon
 10771 | D:9      | XOM: polymorph scorpion -> big kobold
 10776 | D:9      | XOM: chaos upgrade
 10797 | D:9      | Mangled by an ogre

Skill      XL: |  1  2  3  4  5  6  7  8  9 10 11 |
---------------+----------------------------------+-----
Fighting       | 4 6 7 8 9 11 14 16 17 | 17.1
Short Blades   | |  1.5
Armour         | |  2.4
Shields        | |  2.4

Action                   |  1- 3 |  4- 6 |  7- 9 | 10-12 || total
-------------------------+-------+-------+-------+-------++-------
Melee: Rapier            |   103 |   164 |   443 |   231 ||   941
Evoke: Wand              |       |       |     8 |     3 ||    11
  Use: Scroll            |       |     6 |     6 |     2 ||    14
Armor: Scale mail        |    33 |    55 |   228 |   114 ||   430
Dodge: Dodged            |    24 |    46 |   135 |    97 ||   302
Block: Shield            |    53 |    61 |   282 |   139 ||   535
